 Dungeon Crawl Stone Soup version 0.29-a0-901-g46a8461d6a (webtiles) character file.

Game seed: 8615951149310006893

106 gruber the Digger (level 4, -8/24 HPs)
             Began as a Gargoyle Earth Elementalist on July 23, 2022.
             Killed by divine providence
             ... invoked by an orc priest
              (16 damage)
             ... on level 2 of the Dungeon.
             The game lasted 00:01:20 (1536 turns).

gruber the Digger (Gargoyle Earth Elementalist)     Turns: 1536, Time: 00:01:20

Health: -8/24      AC:  6    Str: 12    XL:     4   Next: 84%
Magic:  2/7        EV: 11    Int: 17    God:
Gold:   73         SH:  0    Dex: 10    Spells: 3/7 levels left

rFire   . . .      SeeInvis .   c - +2 dagger (venom)
rCold   . . .      Faith    .   (no shield)
rNeg    + . .      Spirit   .   a - +0 robe
rPois   ∞          Reflect  .   (no helmet)
rElec   +          Harm     .   (no cloak)
rCorr   .          Rampage  .   l - +0 pair of gloves
Will    .....                   (no boots)
Stlth   ++........              (no amulet)
HPRegen 0.08/turn               j - +4 ring of slaying
MPRegen 0.10/turn               (no ring)

@: no status effects
A: sickness immunity, AC +3, negative energy resistance 1, electricity
resistance, torment resistance 1, petrification resistance
a: no special abilities


You were on level 2 of the Dungeon.
You visited 1 branch of the dungeon, and saw 2 of its levels.

You collected 73 gold pieces.

Inventory:

Hand Weapons
 c - a +2 dagger of venom (weapon)
Armour
 a - a +0 robe (worn)
 l - a +0 pair of gloves (worn)
Jewellery
 g - a ring of wizardry
 j - a +4 ring of slaying (left hand)
Scrolls
 f - a scroll of silence {unknown}
 i - a scroll of enchant weapon {unknown}
 k - a scroll of butterflies {unknown}
 m - a scroll of identify {unknown}
 q - a scroll of enchant armour {unknown}
Potions
 b - 2 potions of magic
 d - a potion of lignification {unknown}
 e - a potion of brilliance {unknown}
 h - 2 potions of curing {unknown}
 n - a potion of degeneration {unknown}
 o - 2 potions of mutation {unknown}
 p - a potion of heal wounds {unknown}


   Skills:
 - Level 1.5 Dodging
 - Level 2.1 Stealth
 - Level 2.0 Spellcasting
 - Level 0.7 Transmutations
 + Level 6.5 Earth Magic


You had 3 spell levels left.
You knew the following spells:

 Your Spells              Type           Power      Damage    Failure   Level
a - Sandblast             Erth           46%        2d11      1%          1
b - Stone Arrow           Conj/Erth      24%        3d8       16%         3

Your spell library contained the following spells:

 Spells                   Type           Power      Damage    Failure   Level
 Passwall                 Tmut/Erth      11%        N/A       7%          2
 Tukima's Dance           Hex            1%         N/A       50%         3
 Petrify                  Tmut/Erth      14%        N/A       41%         4
 Passage of Golubria      Tloc           1%         N/A       88%         4
 Yara's Violent Unravell  Hex/Tmut       1%         3d3       99%         5


Dungeon Overview and Level Annotations

Branches:
Dungeon (2/15)

Altars:

Annotations:
D:2 1 runed translucent door, Crazy Yiuf


Innate Abilities, Weirdness & Mutations

You are immune to sickness and miasma.
Your stone body is resilient. (AC +3)
You are immune to poison.
You resist negative energy. (rN+)
You are resistant to electric shocks. (rElec)
You are resistant to unholy torment.
You are immune to petrification.


Message History

Something hits you but does no damage. Something hits you.
* * * LOW HITPOINT WARNING * * *
Unknown command.
Casting: Sandblast (safe; 1% risk of failure)
Confirm with . or Enter, or press ? or * to list all spells.
Aiming: Sandblast (safe; 1% risk of failure)
Press: ? - help, Shift-Dir - straight line, f/p - orc priest
Aim: an orc priest, wielding a +0 club and wearing a +0 leather armour (81% to hit)
The blast of sand hits something.
Something hits you but does no damage. x2
Unknown command.
Unknown command.
Casting: Sandblast (safe; 1% risk of failure)
Confirm with . or Enter, or press ? or * to list all spells.
Aiming: Sandblast (safe; 1% risk of failure)
Press: ? - help, Shift-Dir - straight line, f/p - orc priest
Aim: an orc priest, wielding a +0 club and wearing a +0 leather armour (81% to hit)
The blast of sand hits something.
Something hits you but does no damage. x2
Unknown command.
Unknown command.
Casting: Sandblast (safe; 1% risk of failure)
Confirm with . or Enter, or press ? or * to list all spells.
Aiming: Sandblast (safe; 1% risk of failure)
Press: ? - help, Shift-Dir - straight line, f/p - orc priest
Aim: an orc priest, wielding a +0 club and wearing a +0 leather armour (81% to hit)
The blast of sand hits something!
Reactivating autopickup.
You feel a bit more experienced.
The orc priest hits you but does no damage.
Unknown command.
Casting: Sandblast (safe; 1% risk of failure)
Confirm with . or Enter, or press ? or * to list all spells.
Aiming: Sandblast (safe; 1% risk of failure)
Press: ? - help, Shift-Dir - straight line, f/p - orc priest
Aim: an orc priest, wielding a +0 club and wearing a +0 leather armour (81% to hit)
The blast of sand hits the orc priest!
The orc priest is heavily wounded.
The orc priest mumbles some strange prayers to Beogh against you.
Beogh smites you!
Ouch! That really hurt!
You die...

.................................
######.#############.############
#.#...........#.#...........
#.#.####.####.#.#.####.####.
#.#....#.#....#.#..).#.#....
#.####.####.#.#.####.####.#.#.###
#...........#.#...........#(#....
#############.#############.#####
?.....oo@................
......J###...............
..........#..............
.....(###................ .....#
###.....#..###... #####
###............ #............
##........... ######...####...#


You could see an orc priest, an orc and an endoplasm.

Vanquished Creatures
  An orc wizard (D:2)
  4 adders (D:2)
  A dart slug (D:1)
  An orc (D:2)
  4 bats
  4 endoplasms
  2 giant cockroaches
  7 hobgoblins
  4 ball pythons
  2 frilled lizards (D:1)
  4 goblins
  3 kobolds
  8 rats
45 creatures vanquished.

Notes
Turn   | Place    | Note
-------+----------+-------------------------------------------
     0 | D:1      | gruber the Gargoyle Earth Elementalist began the quest for
                  | the Orb.
     0 | D:1      | Reached XP level 1. HP: 10/10 MP: 3/3
    61 | D:1      | Reached skill level 4 in Earth Magic
   148 | D:1      | Reached XP level 2. HP: 15/15 MP: 3/5
   622 | D:1      | Reached XP level 3. HP: 18/19 MP: 6/6
   664 | D:1      | Reached skill level 5 in Earth Magic
   899 | D:2      | Learned a level 3 spell: Stone Arrow
  1085 | D:2      | Reached XP level 4. HP: 24/24 MP: 5/7
  1206 | D:2      | Reached skill level 6 in Earth Magic
  1448 | D:2      | Found a runed translucent door.
  1449 | D:2      | Noticed Crazy Yiuf
  1536 | D:2      | Killed from afar by an orc priest

Illustrated notes

Levels and vault maps discovered:
D:1:      spicycebolla_arrival_ecumenical, layout_basic
D:2:      layout_rooms, hangedman_decor_diamond_cutter, roderic_lattice_a,
          grunt_decor_mini_mirrors, kennysheep_generic_room_3, uniq_terence,
          uniq_crazy_yiuf_cottage

Skill      XL: |  1  2  3  4 |
---------------+-------------+-----
Earth Magic    | 4 5 6 |  6.5
Dodging        | |  1.5
Stealth        | |  2.1
Spellcasting   | |  2.0
Transmutations | |  0.7

Action                   |  1- 3 |  4- 6 || total
-------------------------+-------+-------++-------
Melee: Unarmed           |     1 |       ||     1
       Dagger            |    18 |       ||    18
 Cast: Sandblast         |    34 |    14 ||    48
 Stab: Sleeping          |     2 |       ||     2
Armor: Robe              |     9 |    11 ||    20
Dodge: Dodged            |    20 |     5 ||    25

Table legend: (Time is in decaauts)
 A = Elapsed time spent in this place.
 B = Non-inter-level travel time spent in this place.
 C = Inter-level travel time spent in this place.
 D = Time resting spent in this place.
 E = Time spent auto-exploring this place.
 F = Levels seen in this place.
 G = Mean time per level.
                   A        B        C        D        E       F      G
               +--------+--------+--------+--------+--------+-----+--------+
         Total |   1581 |   1573 |      8 |      0 |   1286 |   2 |  790.5 |
       Dungeon |   1581 |   1573 |      8 |      0 |   1286 |   2 |  790.5 |
               +--------+--------+--------+--------+--------+-----+--------+

Top non-repeatable levels by time:
     D:1: 856 daAuts
     D:2: 725 daAuts
